 Dungeon Crawl Stone Soup version 0.29-a0-334-gb41bcbb86e (webtiles) character file.

Game seed: 2413731096319410152

4 spaghetti the Magician (level 1, -1/16 HPs)
             Began as a Djinni Air Elementalist on Apr 14, 2022.
             Slain by a giant cockroach (2 damage)
             ... on level 1 of the Dungeon.
             The game lasted 00:01:50 (285 turns).

spaghetti the Magician (Djinni Air Elementalist)     Turns: 285, Time: 00:01:51

Health: -1/16      AC:  2    Str:  7    XL:     1   Next: 66%
Gold:   18         EV:  7    Int: 16    God:
                   SH: 12    Dex: 13

rFire   + + .      SeeInvis .   f - staff of cold {!astaff}
rCold   . . .      Faith    .   c - +2 tower shield
rNeg    . . .      Spirit   .   a - +0 robe
rPois   ∞          Reflect  .   (no helmet)
rElec   .          Harm     .   (no cloak)
rCorr   .          Rampage  .   (no gloves)
Will    .....                   (boots unavailable)
Stlth   ++........              (no amulet)
HPRegen 0.05/turn               (no ring)
MPRegen 0.00/turn               (no ring)

@: flying, very slightly contaminated
A: sickness immunity, fire resistance 2, cold vulnerability 1, float, innate
caster, HP casting, extra vitality 1
a: no special abilities


You were on level 1 of the Dungeon.
You visited 1 branch of the dungeon, and saw 1 of its levels.

You collected 18 gold pieces.


Innate Abilities, Weirdness & Mutations

You are immune to sickness and miasma.
You are immune to poison.
Your flesh is very heat resistant. (rF++)
You are vulnerable to cold. (rC-)
You float through the air rather than walking.
You learn spells naturally, not from books.
Your magical power is your life essence.
You have superior vitality. (+4 MHP)


   Skills:
 - Level 0.8 Fighting
 + Level 0.2 Axes
 - Level 2.1 Dodging
 - Level 1.5 Stealth
 - Level 2.4 Spellcasting


You couldn't memorise any spells.
You knew the following spells:

 Your Spells              Type           Power      Damage    Failure   Level
a - Shock                 Conj/Air       36%        1d5       80%         1
b - Static Discharge      Conj/Air       9%         N/A       90%         2
c - Swiftness             Air            9%         N/A       99%         3
d - Airstrike             Air            4%         N/A       100%        4
Your spell library was empty.

Inventory:

Hand Weapons
 b - a +0 club {mace}
   (You found it on level 1 of the Dungeon)
 d - a +0 club {mace}
   (You took it off a goblin on level 1 of the Dungeon)
 e - a +0 club {mace}
   (You took it off a goblin on level 1 of the Dungeon)
Armour
 a - a +0 robe (worn)
 c - a +2 tower shield (worn)
   (You found it on level 1 of the Dungeon)
Magical Staves
 f - a staff of cold (weapon) {!astaff}
   (You found it on level 1 of the Dungeon)

Dungeon Overview and Level Annotations

Branches:
Dungeon (1/15)

Altars:

Shops:
D:1

( ####.....# ..#
#........##..##
###.....#.......##
........##.......##
.....#......#....".
#....##..#..##..# #
#.#......#......####.#
..##.....###.........#
......#......#..@....#
.##.#.##.....##.B....#
..........#..........#
#...####..##.........#
.#.## #......#......#
..## #......##.....#
.#.# ............#
#..# .... ....... ...#


You could see a giant cockroach.


Message History

You take 1 damage, and now have 14/16 hp.
Aiming: Shock (safe; 80% risk of failure)
Press: ? - help, Q - select action Shift-Dir - straight line, f/p - giant cockroach
Aim: a giant cockroach (68% to hit)
The zap misses the giant cockroach. 😕 HP[-1]
You take 1 damage, and now have 13/16 hp.
Aiming: Shock (safe; 80% risk of failure)
Press: ? - help, Q - select action Shift-Dir - straight line, f/p - giant cockroach
Aim: a giant cockroach (68% to hit)
You miscast Shock.
Nothing appears to happen. 😮 HP[-1]
You take 1 damage, and now have 12/16 hp.
Aiming: Shock (safe; 80% risk of failure)
Press: ? - help, Q - select action Shift-Dir - straight line, f/p - giant cockroach
Aim: a giant cockroach (68% to hit)
You miscast Shock.
Nothing appears to happen.
The giant cockroach closely misses you. 😮 HP[-1]
You take 1 damage, and now have 11/16 hp.
Really attack while wielding nothing?
Okay, then.
f - a staff of cold (weapon)
{!astaff} Really attack while wielding your staff of cold {!astaff}? [Y]es or [N]o only, please.
Really attack while wielding your staff of cold {!astaff}?
You barely miss the giant cockroach.
You block the giant cockroach's attack. x2
You barely miss the giant cockroach. The giant cockroach bites you. x2
* * * LOW HITPOINT WARNING * * *
😨 HP[-4]
You take 4 damage, and now have 7/16 hp.
MASSIVE DAMAGE!! (PAUSE)
You barely miss the giant cockroach. The giant cockroach closely misses you.
You block the giant cockroach's attack.
You closely miss the giant cockroach.
You block the giant cockroach's attack. x2
Casting: Shock (safe; 80% risk of failure)
Confirm with . or Enter, or press ? or * to list all spells.
Aiming: Shock (safe; 80% risk of failure)
Press: ? - help, Shift-Dir - straight line, f/p - giant cockroach
Aim: a giant cockroach (68% to hit)
You miscast Shock.
Nothing appears to happen.
* * * LOW HITPOINT WARNING * * *
You block the giant cockroach's attack. The giant cockroach bites you.
* * * LOW HITPOINT WARNING * * *
😱 HP[-3]
You take 3 damage, and now have 4/16 hp.
Casting: Shock (safe; 80% risk of failure)
Confirm with . or Enter, or press ? or * to list all spells.
Aiming: Shock (safe; 80% risk of failure)
Press: ? - help, Shift-Dir - straight line, f/p - giant cockroach
Aim: a giant cockroach (68% to hit)
You miscast Shock.
Nothing appears to happen.
* * * LOW HITPOINT WARNING * * *
The giant cockroach closely misses you. 😱 HP[-1]
You take 1 damage, and now have 3/16 hp.
Casting: Shock (safe; 80% risk of failure)
Confirm with . or Enter, or press ? or * to list all spells.
Aiming: Shock (safe; 80% risk of failure)
Press: ? - help, Shift-Dir - straight line, f/p - giant cockroach
Aim: a giant cockroach (68% to hit)
You miscast Shock.
Nothing appears to happen.
* * * LOW HITPOINT WARNING * * *
You block the giant cockroach's attack. 😱 HP[-1]
You take 1 damage, and now have 2/16 hp.
Aiming: Shock (safe; 80% risk of failure)
Press: ? - help, Q - select action Shift-Dir - straight line, f/p - giant cockroach
Aim: a giant cockroach (68% to hit)
You miscast Shock.
Nothing appears to happen.
* * * LOW HITPOINT WARNING * * *
The giant cockroach closely misses you.
You aren't carrying any potions.
You aren't carrying any scrolls.
Unknown command.
A giant cockroach is nearby!
You closely miss the giant cockroach.
The giant cockroach bites you but does no damage. x2
You hit the giant cockroach.
The giant cockroach waves its antennae.
The giant cockroach bites you but does no damage.
You block the giant cockroach's attack.
You hit the giant cockroach but do no damage.
You block the giant cockroach's attack. x2
You completely miss the giant cockroach.
You block the giant cockroach's attack. x2
You hit the giant cockroach but do no damage.
You block the giant cockroach's attack. The giant cockroach bites you.
* * * LOW HITPOINT WARNING * * *
😱 HP[-1]
You take 1 damage, and now have 1/16 hp.
You hit the giant cockroach but do no damage.
You block the giant cockroach's attack. The giant cockroach bites you.
You die...

Action                   || total
-------------------------++-------
Melee: Staff             ||    10
 Cast: Shock             ||     5
Armor: Robe              ||     3
Dodge: Dodged            ||     4
Block: Tower shield      ||    14

Levels and vault maps discovered:
D:1:      heliophobic_arrival_henge, layout_basic, serial_shops,
          nicolae_shop_statue_plus, nicolae_diamond_shop, shop, shop_fountains,
          nicolae_shop_stone, ebering_ecumenical_altar_mist,
          minmay_misc_feat_secret_circle, hangedman_decor_points

Notes
Turn   | Place    | Note
-------+----------+-------------------------------------------
     0 | D:1      | spaghetti the Djinni Air Elementalist began the quest for
                  | the Orb.
     0 | D:1      | Reached XP level 1. HP: 15/15 MP: 0/0
     0 | D:1      | magus.rc [v1.9.6]
    28 | D:1      | Found Foebb's Weapon Shop.
   276 | D:1      | HP: 4/16 [giant cockroach (2)]
   284 | D:1      | HP: 1/16 [giant cockroach (1)]
   285 | D:1      | Slain by a giant cockroach

Vanquished Creatures
  2 goblins (D:1)
  A hobgoblin (D:1)
3 creatures vanquished.

Table legend:
 A = Non-vault XP
 B = Vault XP
 C = Vault XP percentage of total XP
 D = Non-vault monster count
 E = Vault monster count
 F = Vault count percentage of total count
                 A         B        C        D         E       F
            +---------+---------+-------+---------+---------+-------
      Total |       6 |       0 |   0.0 |       3 |       0 |   0.0
            +---------+---------+-------+---------+---------+-------
        D:1 |       6 |       0 |   0.0 |       3 |       0 |   0.0
            +---------+---------+-------+---------+---------+-------

Illustrated notes

Table legend:
 A = Kills in this place as a percentage of kills in entire the game.
 B = Kills by you in this place as a percentage of kills by you in the entire game.
 C = Kills by friends in this place as a percentage of kills by friends in the entire game.
 D = Other kills in this place as a percentage of other kills in the entire game.
 E = Experience gained in this place as a percentage of experience gained in the entire game.
 F = Experience gained in this place divided by the number of levels of this place that you have seen.
                   A       B       C       D       E      F
               +-------+-------+-------+-------+-------+----------------------
         Total | 100.0 | 100.0 |   N/A |   N/A | 100.0 |   6.0
       Dungeon | 100.0 | 100.0 |   N/A |   N/A | 100.0 |   6.0
               +-------+-------+-------+-------+-------+----------------------

Table legend: (Time is in decaauts)
 A = Elapsed time spent in this place.
 B = Non-inter-level travel time spent in this place.
 C = Inter-level travel time spent in this place.
 D = Time resting spent in this place.
 E = Time spent auto-exploring this place.
 F = Levels seen in this place.
 G = Mean time per level.
                   A        B        C        D        E       F      G
               +--------+--------+--------+--------+--------+-----+--------+
         Total |    290 |    290 |      0 |     49 |    172 |   1 |  290.0 |
       Dungeon |    290 |    290 |      0 |     49 |    172 |   1 |  290.0 |
               +--------+--------+--------+--------+--------+-----+--------+

Top non-repeatable levels by time:
     D:1: 290 daAuts
